 Dungeon Crawl Stone Soup version 0.29-a0-648-g6b26cc9f40 (webtiles) character file.

Game seed: 14503501828704597233

525 Rocko1345 the Cudgeller (level 7, 0/47 HPs)
             Began as a Demonspawn Gladiator on June 20, 2022.
             Was an Initiate of Okawaru.
             Slain by a quokka (3 damage)
             ... on level 4 of the Dungeon.
             The game lasted 00:18:28 (3887 turns).

Rocko1345 the Cudgeller (Demonspawn Gladiator)      Turns: 3887, Time: 00:18:29

Health: 0/47       AC: 11    Str: 17    XL:     7   Next: 2%
Magic:  7/7        EV:  5    Int:  9    God:    Okawaru [......]
Gold:   163        SH:  0    Dex: 14    Spells: 6/6 levels left

rFire   . . .      SeeInvis .   k - +2 mace (protect)
rCold   . . .      Faith    .   (no shield)
rNeg    . . .      Spirit   .   r - +0 plate armour
rPois   .          Reflect  .   c - +0 helmet
rElec   .          Harm     .   (no cloak)
rCorr   .          Rampage  .   (no gloves)
Will    .....                   (no boots)
Stlth   ..........              (no amulet)
HPRegen 0.15/turn               (no ring)
MPRegen 0.10/turn               (no ring)

@: no status effects
A: foul stench 2, demonic magic 1, demonic touch 1, frail 1
a: Renounce Religion


You were on level 4 of the Dungeon.
You worshipped Okawaru.
Okawaru was noncommittal.
You visited 1 branch of the dungeon, and saw 5 of its levels.
You also visited: Sewer.

You collected 163 gold pieces.

Inventory:

Hand Weapons
 a - a +0 long sword
 k - a +2 mace of protection (weapon)
Missiles
 e - a javelin (quivered)
 z - 3 poisoned darts
Armour
 b - a +0 leather armour
 c - a +0 helmet (worn)
 h - a +0 ring mail
 r - a +0 plate armour (worn)
 t - a +0 scale mail
Wands
 q - a wand of mindburst (9)
Scrolls
 f - a scroll of noise
 i - a scroll of enchant armour {unknown}
 j - 3 scrolls of fear {unknown}
 l - a scroll of poison {unknown}
 m - a scroll of immolation {unknown}
 o - a scroll of amnesia {unknown}
 p - a scroll of acquirement {unknown}
 u - a scroll of fog
 v - 2 scrolls of summoning {unknown}
 x - a scroll of identify
 y - a scroll of enchant weapon {unknown}
 B - a scroll of teleportation {unknown}
 D - a scroll of torment {unknown}
Potions
 g - 2 potions of brilliance
 n - 2 potions of attraction
 s - a potion of ambrosia {unknown}
 w - a potion of might {unknown}
 A - a potion of magic {unknown}


   Skills:
 * Level 3.8 Fighting
 - Level 2.8 Long Blades
 * Level 4.1 Maces & Flails
 * Level 3.2 Throwing
 * Level 1.7 Armour
 + Level 3.2 Dodging
 + Level 0.1 Stealth
 + Level 0.2 Evocations


You had 6 spell levels left.
You didn't know any spells.
Your spell library contained the following spells:

 Spells                   Type           Power      Damage    Failure   Level
 Magic Dart               Conj           0%         1d3       100%        1
 Blink                    Tloc           0%         N/A       100%        2
 Searing Ray              Conj           0%         2d4       100%        2
 Dazzling Flash           Conj/Hex       0%         N/A       100%        3
 Lesser Beckoning         Tloc           0%         N/A       100%        3
 Fulminant Prism          Conj/Hex       0%         3d6       100%        4
 Agony                    Necr           0%         N/A       100%        5
 Manifold Assault         Tloc           0%         N/A       100%        5
 Silence                  Hex/Air        0%         N/A       100%        5
 Storm Form               Tmut/Air       0%         N/A       100%        7


Dungeon Overview and Level Annotations

Branches:
Dungeon (5/15)              Sewer (visited)
 Temple: D:4-7

Altars:
Fedhas
Hepliaklqana
Kikubaaqudgha
Nemelex Xobeh
Okawaru
Trog

Shops:
D:3 (

Annotations:
D:4 1 runed translucent door


Innate Abilities, Weirdness & Mutations

You sometimes emit foul miasma when damaged in melee.
Spells you cast may paralyse adjacent enemies.
Your touch may inflict minor irresistible damage on your foes.
You are frail. (-10% HP)


Message History

Okawaru is honoured by your kill. The yak completely misses you.
Your Maces & Flails skill increases to level 4!
You have reached level 7!
Your demonic ancestry asserts itself...
Your foul stench grows more powerful.
The yak attacks as you move away! The yak gores you but does no damage.
The yak attacks as you move away! The yak completely misses you.
Okay, then.
You barely miss the yak. The yak gores you.
You hit the yak but do no damage.
Your weapon exudes an aura of protection.
The yak gores you! The yak attacks as you move away! The yak gores you.
The yak attacks as you move away! The yak gores you.
* * * LOW HITPOINT WARNING * * *
You feel better. The yak barely misses you.
Okay, then.
As you read the scroll of fog, it crumbles to dust.
The scroll dissolves into smoke.
The yak gores you! The yak attacks as you move away! The yak gores you.
* * * LOW HITPOINT WARNING * * *
The yak attacks as you move away! The yak gores you but does no damage.
The yak attacks as you move away! The yak gores you but does no damage.
There is a stone staircase leading down here.
The yak gores you!
* * * LOW HITPOINT WARNING * * *
The yak completely misses you.
You climb downwards.
Found 17 gold pieces.
There is a stone staircase leading up here.
The yak closely misses you. The yak gores you.
* * * LOW HITPOINT WARNING * * *
You climb upwards.
Level annotation: 1 runed translucent door The quokka barely misses you.
The quokka bites you but does no damage.
There is a stone staircase leading down here.
You closely miss the quokka. The quokka bites you.
You die...

.#....#......####...
#...................
..................#
###########......##
##.....# #.....# #
#.....# ## ##...Y.##
.# ####....Y@.#
.#######Y......r.Y##
..#...†.r#####.....#
......#### ##....#
##...## #....# ##..#
#....# #..#####
##...## #......#
#....# ##....##
##...##


You could see 3 yaks and a quokka.

Vanquished Creatures
  A yak (D:4)
  A black bear (D:3)
  A kobold brigand (Sewer)
  Terence (D:3)
  An orc wizard (D:3)
  9 adders
  An ufetubus (D:4)
  5 worms
  2 dart slugs
  4 orcs (D:3)
  4 endoplasms
  4 giant cockroaches
  5 goblins
  3 hobgoblins
  2 jackals (D:4)
  11 kobolds
  2 quokkas
  8 ball pythons
  8 bats
  4 frilled lizards
  6 rats
83 creatures vanquished.

Notes
Turn   | Place    | Note
-------+----------+-------------------------------------------
     0 | D:1      | Rocko1345 the Demonspawn Gladiator began the quest for the
                  | Orb.
     0 | D:1      | Reached XP level 1. HP: 16/16 MP: 1/1
   487 | D:1      | Gained mutation: Your touch may inflict minor irresistible
                  | damage on your foes. [demonic ancestry]
   487 | D:1      | Reached XP level 2. HP: 22/23 MP: 2/2
   640 | D:1      | Found a faded altar of an unknown god.
  1216 | D:1      | Gained mutation: You may rarely emit foul miasma when
                  | damaged in melee. [demonic ancestry]
  1216 | D:1      | Reached XP level 3. HP: 28/28 MP: 3/3
  2265 | D:3      | Found Xusepn's Antique Weapon Boutique.
  2284 | D:3      | Reached skill level 1 in Maces & Flails
  2321 | D:3      | Reached XP level 4. HP: 30/34 MP: 4/4
  2342 | D:3      | Gained mutation: You are frail. (-10% HP) [potion of
                  | mutation]
  2415 | D:3      | Noticed a black bear
  2443 | D:3      | Killed a black bear
  2444 | D:3      | Reached skill level 2 in Maces & Flails
  2444 | D:3      | Reached skill level 1 in Armour
  2444 | D:3      | Gained mutation: Spells you cast may paralyse adjacent
                  | enemies. [demonic ancestry]
  2444 | D:3      | Reached XP level 5. HP: 14/36 MP: 5/5
  2833 | D:3      | Found a glowing drain.
  2847 | D:3      | Noticed Terence
  2849 | D:3      | Killed Terence
  2884 | Sewer    | Entered a sewer
  2935 | Sewer    | Reached XP level 6. HP: 41/42 MP: 6/6
  2978 | Sewer    | Reached skill level 3 in Maces & Flails
  3402 | D:3      | Found a bloodstained altar of Trog.
  3402 | D:3      | Found a hazy altar of Hepliaklqana.
  3402 | D:3      | Found a blossoming altar of Fedhas.
  3402 | D:3      | Found an iron altar of Okawaru.
  3417 | D:3      | Found an ancient bone altar of Kikubaaqudgha.
  3417 | D:3      | Found a sparkling altar of Nemelex Xobeh.
  3442 | D:3      | Became a worshipper of Warmaster Okawaru
  3841 | D:4      | Found a runed translucent door.
  3843 | D:4      | Noticed a yak
  3844 | D:4      | Noticed a yak
  3851 | D:4      | Noticed a yak
  3852 | D:4      | Noticed a yak
  3869 | D:4      | Killed a yak
  3870 | D:4      | Reached skill level 4 in Maces & Flails
  3870 | D:4      | Gained mutation: You sometimes emit foul miasma when
                  | damaged in melee. [demonic ancestry]
  3870 | D:4      | Reached XP level 7. HP: 34/47 MP: 7/7
  3884 | D:5      | Entered Level 5 of the Dungeon
  3887 | D:4      | Slain by a quokka

Illustrated notes

Levels and vault maps discovered:
D:1:      sevenhm_arrival_forest_fort_large_4, layout_basic,
          dreamdust_ecumenical_altar_statues
D:2:      layout_loops_ring
D:3:      layout_rooms, minmay_overflow_temple_hex, serial_shops,
          nicolae_shop_waterfront, gup_sewer_entry_glass, uniq_terence
D:4:      layout_layer_cave, ebering_ghost_sewer_f
D:5:      layout_layer_cave, temple_green, serial_shops, shop_statue

Skill      XL: |  1  2  3  4  5  6 |
---------------+-------------------+-----
Throwing       | 2 3 |  3.2
Dodging        | 3 |  3.2
Maces & Flails | 1 2 4 |  4.1
Fighting       | 3 |  3.8
Armour         | 1 |  1.7
Long Blades    | |  2.8
Stealth        | |  0.1
Evocations     | |  0.2

Action                   |  1- 3 |  4- 6 |  7- 9 || total
-------------------------+-------+-------+-------++-------
Melee: Long sword        |    35 |       |       ||    35
       Mace              |    59 |   128 |     3 ||   190
       Touch             |    13 |    16 |       ||    29
       Punch             |       |     1 |       ||     1
Throw: Throwing net      |     2 |     2 |       ||     4
Evoke: Wand              |       |     5 |       ||     5
  Use: Scroll            |     5 |     2 |     1 ||     8
       Potion            |       |     2 |     1 ||     3
 Stab: Held in net/web   |       |     1 |       ||     1
Armor: Leather armour    |    11 |       |       ||    11
       Ring mail         |    45 |     1 |       ||    46
       Scale mail        |       |     7 |       ||     7
       Plate armour      |       |    72 |     4 ||    76
Dodge: Dodged            |    67 |    33 |     5 ||   105

Table legend: (Time is in decaauts)
 A = Elapsed time spent in this place.
 B = Non-inter-level travel time spent in this place.
 C = Inter-level travel time spent in this place.
 D = Time resting spent in this place.
 E = Time spent auto-exploring this place.
 F = Levels seen in this place.
 G = Mean time per level.
                   A        B        C        D        E       F      G
               +--------+--------+--------+--------+--------+-----+--------+
         Total |   4026 |   3963 |     63 |    571 |   1995 |   6 |  671.0 |
       Dungeon |   3600 |   3537 |     63 |    571 |   1974 |   5 |  720.0 |
         Sewer |    425 |    425 |      0 |      0 |     21 |   1 |  425.0 |
               +--------+--------+--------+--------+--------+-----+--------+

Top non-repeatable levels by time:
     D:1: 1481 daAuts
     D:3: 963 daAuts
     D:2: 820 daAuts
   Sewer: 425 daAuts
     D:4: 334 daAuts
     D:5: 1 daAuts
